 Dungeon Crawl Stone Soup version 0.28.0 (webtiles) character file.

Game seed: 2387615645311309491

53 jjjjhere the Skirmisher (level 3, -1/35 HPs)
             Began as a Hill Orc Brigand on Feb 9, 2022.
             Slain by a kobold (4 damage)
             ... on level 2 of the Dungeon.
             The game lasted 00:02:11 (1159 turns).

jjjjhere the Skirmisher (Hill Orc Brigand)          Turns: 1159, Time: 00:02:13

Health: -1/35      AC:  6    Str: 15    XL:     3   Next: 87%
Magic:  3/3        EV: 10    Int: 11    God:
Gold:   43         SH:  0    Dex: 12    Spells: 2/2 levels left

rFire   . . .      SeeInvis .   a - +2 dagger
rCold   . . .      Faith    .   j - orb {*Rage}
rNeg    . . .      Spirit   .   i - +0 ring mail
rPois   .          Reflect  .   (no helmet)
rElec   .          Harm     .   c - +0 cloak
rCorr   .          Rampage  .   (no gloves)
Will    .....      Rage     20% (no boots)
Stlth   ++........              (no amulet)
HPRegen 0.11/turn               (no ring)
MPRegen 0.08/turn               (no ring)

@: on berserk cooldown
A: no striking features
a: no special abilities


You were on level 2 of the Dungeon.
You visited 1 branch of the dungeon, and saw 2 of its levels.

You collected 43 gold pieces.

Inventory:

Hand Weapons
 a - a +2 dagger (weapon)
Missiles
 d - 8 poisoned darts (quivered)
 e - 2 curare-tipped darts
 f - 6 boomerangs of dispersal
Armour
 b - a +0 robe
 c - a +0 cloak (worn)
 i - a +0 ring mail (worn)
 j - an orb of wrath (worn)
Scrolls
 g - a scroll of teleportation {unknown}
 k - a scroll of identify {unknown}
 l - a scroll of blinking {unknown}
Potions
 h - a potion of lignification {unknown}


   Skills:
 + Level 4.9 Fighting
 - Level 2.0 Short Blades
 - Level 1.7 Throwing
 - Level 0.7 Dodging
 - Level 3.2 Stealth


You had 2 spell levels left.
You didn't know any spells.
Your spell library was empty.

Dungeon Overview and Level Annotations

Branches:
Dungeon (2/15)

Altars:


Message History

The giant cockroach waves its antennae.
The giant cockroach bites you but does no damage.
The giant cockroach barely misses you.
The giant cockroach bites you but does no damage.
The rat bites you but does no damage.
You hit the rat but do no damage.
You feel yourself speed up. The rat closely misses you.
The giant cockroach waves its antennae.
You barely miss the rat. The rat bites you.
* * * LOW HITPOINT WARNING * * *
You closely miss the rat. The rat bites you.
* * * LOW HITPOINT WARNING * * *
You hit the rat.
You kill the rat!
The kobold throws a stone.
The stone completely misses you.
You hit the giant cockroach.
The giant cockroach is heavily wounded.
The giant cockroach closely misses you.
You hit the giant cockroach.
The giant cockroach is severely wounded.
The giant cockroach misses you.
You barely miss the giant cockroach.
The giant cockroach is severely wounded.
The giant cockroach bites you but does no damage.
You hit the giant cockroach.
You kill the giant cockroach!
You hit the kobold but do no damage. The kobold hits you with a +0 club.
* * * LOW HITPOINT WARNING * * *
You completely miss the kobold. The kobold barely misses you.
You hit the kobold.
The kobold is severely wounded.
The kobold hits you but does no damage.
You closely miss the kobold.
The kobold is severely wounded.
The kobold hits you but does no damage.
You hit the kobold but do no damage.
The kobold is severely wounded.
The kobold hits you with a +0 club.
You die...

########## #........#
... #........# ..
#######........# ###..
#..............# #.#.#
#.8...8...8....####.#.#
....#...#......K@...#.#
.#.###.###..#####.....#
....#...#...# #.#...#
..8...8...8.# #.#.#.# #
....#...#...#
#...#.#.#..
...###.###.##
#................
....#...#...#
##...........#...
..8...8...8.#
#.########..#...
............# #.#
#...#.#


You could see a kobold.

Vanquished Creatures
  An adder (D:2)
  3 dart slugs
  2 endoplasms (D:1)
  A giant cockroach (D:2)
  2 hobgoblins
  3 jackals (D:1)
  3 kobolds (D:1)
  2 quokkas (D:1)
  2 ball pythons (D:1)
  4 bats
  6 frilled lizards (D:1)
  4 goblins
  5 rats
38 creatures vanquished.

Notes
Turn   | Place    | Note
-------+----------+-------------------------------------------
     0 | D:1      | jjjjhere the Hill Orc Brigand began the quest for the Orb.
     0 | D:1      | Reached XP level 1. HP: 18/18 MP: 1/1
   145 | D:1      | Reached skill level 3 in Fighting
   156 | D:1      | Reached XP level 2. HP: 25/26 MP: 2/2
   361 | D:1      | Reached skill level 4 in Fighting
   451 | D:1      | Reached XP level 3. HP: 33/33 MP: 3/3
  1129 | D:2      | HP: 11/35 [poisoned by a hobgoblin]
  1131 | D:2      | HP: 5/35 [poisoned by a hobgoblin]
  1137 | D:2      | HP: 5/35 [giant cockroach (1)]
  1148 | D:2      | HP: 6/35 [rat (1)]
  1155 | D:2      | HP: 3/35 [kobold (3)]
  1159 | D:2      | Slain by a kobold

Illustrated notes

Levels and vault maps discovered:
D:1:      dpeg_arrival_round_b, layout_loops_cross
D:2:      layout_basic, minmay_misc_feat_four_crosses, minmay_liquid_box,
          nicolae_figureground_sparkle

Skill      XL: |  1  2 |
---------------+-------+-----
Fighting       | 3 4 |  4.9
Short Blades   | |  2.0
Throwing       | |  1.7
Dodging        | |  0.7
Stealth        | |  3.2

Action                   || total
-------------------------++-------
Melee: Dagger            ||   115
       Punch             ||     2
 Stab: Sleeping          ||     2
Armor: Robe              ||    26
       Ring mail         ||    25
Dodge: Dodged            ||    59
